 Dungeon Crawl Stone Soup version 0.30.1-4-g462c640d31 (webtiles) character file.

Game seed: 15749693704818460910

8346 SleebyBuny the Carver (level 11, -1/97 HPs)
             Began as a Minotaur Berserker on Aug 25, 2023.
             Was a Priest of Trog.
             Asphyxiated
             ... on level 9 of the Dungeon.
             The game lasted 00:25:19 (7580 turns).

SleebyBuny the Carver (Minotaur Berserker)          Turns: 7580, Time: 00:25:19

Health: -1/97      AC: 19    Str: 23    XL:     11   Next: 8%
Magic:  10/10      EV: 12    Int:  4    God:    Trog [***...]
Gold:   828        SH:  0    Dex: 19    Spells: 10/10 levels left

rFire   . . .        L - +0 long sword
rCold   . . .        (no shield)
rNeg    . . .        n - +0 chain mail
rPois   .            (helmet restricted)
rElec   .            D - +0 cloak
rCorr   .            p - +2 pair of gloves
SInv    .            B - +0 pair of boots
Will    ++...        (no amulet) Stlth
                     g - ring of flight
HPRegen 1.36/turn    o - +6 ring of dexterity
MPRegen 0.12/turn

%: no passive effects
@: lethally poisoned (-1 -> -20), strong-willed, on berserk cooldown, flying,
regenerating, slowed, very slow
A: horns 2, retaliatory headbutt
a: Renounce Religion, Berserk, Trog's Hand


You were on level 9 of the Dungeon.
You worshipped Trog.
Trog was most pleased with you.
You visited 2 branches of the dungeon, and saw 10 of its levels.

You collected 828 gold pieces.

Inventory:

Hand Weapons
 L - a +0 long sword (weapon)
Missiles
 t - 4 javelins (quivered)
Armour
 n - a +0 chain mail (worn)
 p - a +2 pair of gloves (worn)
 B - a +0 pair of boots (worn)
 D - a +0 cloak (worn)
Jewellery
 g - a ring of flight (left hand)
 o - a +6 ring of dexterity (right hand)
 M - a ring of resist corrosion
Wands
 E - a wand of acid (3)
 G - a wand of digging (7)
 H - a wand of flame (10)
 I - a wand of roots (7)
Scrolls
 c - 5 scrolls of vulnerability {unknown}
 d - 2 scrolls of butterflies {unknown}
 e - 2 scrolls of amnesia {unknown}
 i - 11 scrolls of enchant weapon {unknown}
 j - 3 scrolls of poison {unknown}
 l - 7 scrolls of identify {unknown}
 q - a scroll of magic mapping {unknown}
 s - 2 scrolls of brand weapon {unknown}
 u - 3 scrolls of teleportation {unknown}
 w - 3 scrolls of fear {unknown}
 x - a scroll of blinking {unknown}
 y - a scroll of immolation {unknown}
 J - a scroll of fog {unknown}
 K - a scroll of enchant armour {unknown}
Potions
 a - a potion of flight {unknown}
 b - 4 potions of brilliance
 f - 2 potions of might {unknown}
 h - a potion of invisibility {unknown}
 m - a potion of magic {unknown}
 v - 2 potions of ambrosia
 z - 2 potions of lignification {unknown}
 A - 2 potions of attraction {unknown}
 C - 2 potions of haste {unknown}
 F - 2 potions of resistance


   Skills:
 + Level 9.5 Fighting
 + Level 12.9 Long Blades
 + Level 12.4 Armour
 + Level 5.4 Dodging
 + Level 2.2 Stealth


You had 10 spell levels left.
You didn't know any spells.
Your spell library was empty.

Dungeon Overview and Level Annotations

Branches:
Dungeon (9/15)             Temple (1/1) D:6
   Lair: D:8-11         Orc: D:9-12

Altars:
Ashenzari
Dithmenos
Elyvilon
Fedhas
Gozag
Makhleb
Nemelex Xobeh
Okawaru
Qazlal
Ru
Sif Muna
Trog
Uskayaw
Xom
Zin
The Shining One

Shops:
D:1 :   D:7 *[[[


Innate Abilities, Weirdness & Mutations

You have a pair of horns on your head.
You reflexively headbutt those who attack you in melee.


Message History

The centaur warrior shoots an arrow.
The arrow misses you.
The centaur warrior shoots an arrow.
The arrow hits you!
The centaur warrior shoots an arrow.
The arrow barely misses you.
The centaur warrior shoots an arrow.
The arrow hits you!
* * * LOW HITPOINT WARNING * * *
The kobold brigand throws a curare-tipped dart.
The curare-tipped dart hits you.
You are poisoned.
You have difficulty breathing.
* * * LOW HITPOINT WARNING * * *
You feel as though you will be slow longer.
The centaur warrior shoots an arrow.
The arrow hits you!
* * * LOW HITPOINT WARNING * * *
You feel better.
The centaur warrior shoots an arrow.
The arrow barely misses you.
The kobold brigand throws a curare-tipped dart.
The curare-tipped dart misses you.
The centaur warrior shoots an arrow.
The arrow misses you.
You feel much better.
The centaur warrior shoots an arrow.
The arrow hits you!
* * * LOW HITPOINT WARNING * * *
The centaur warrior shoots an arrow.
The arrow hits you!
* * * LOW HITPOINT WARNING * * *
The kobold brigand throws a curare-tipped dart.
The curare-tipped dart hits you.
You are poisoned.
You have difficulty breathing.
* * * LOW HITPOINT WARNING * * *
You feel as though you will be slow longer.
The centaur warrior shoots an arrow.
The arrow closely misses you.
You feel much better.
You feel very sick.
The centaur warrior shoots an arrow.
The arrow hits you!!
* * * LOW HITPOINT WARNING * * *
The centaur warrior shoots an arrow.
The arrow hits you.
* * * LOW HITPOINT WARNING * * *
The kobold brigand throws a curare-tipped dart.
The curare-tipped dart hits you.
You are more poisoned.
You have difficulty breathing.
You die...

..... .. ##.. ..##### .
... ##########.## #
###[...####..#.# #.
#.......z###.#.# ###..
..#.$#c..##...# ....#
..##..##.K###..## ....#
=.##...:##..##...#
....##..##....##@.##.#
....##..##....##..##....
....##[.##...:##..##.##.
....###..######..###.#
.....##$..####...##..#
.....###........###.##
......###...)..###..#
#...#..##...)..##....#
#...##............####


You could see a skeletal warrior, a centaur warrior and a kobold brigand.

Vanquished Creatures
  A centaur warrior (D:8)
  2 two-headed ogres (D:8)
  A deep elf pyromancer (D:8)
  A cyclops (D:8)
  An unseen horror (D:8)
  2 kobold demonologists
  A meliai (D:8)
  2 slime creatures (D:8)
  2 wyverns
  5 yaks (D:8)
  A steam dragon (D:8)
  3 water moccasins
  4 black bears
  An ice beast (D:4)
  An orc warrior (D:8)
  2 sky beasts
  2 centaurs (D:8)
  A phantom (D:6)
  Blork the orc (D:6)
  2 kobold brigands
  3 bullfrogs
  2 gnoll sergeants
  2 scorpions
  A water moccasin zombie (D:6)
  A water moccasin skeleton (D:6)
  A wight (D:8)
  7 killer bees
  4 howler monkeys
  4 bullfrog zombies (D:6)
  A centaur zombie (D:6)
  A hound (D:6)
  2 orc priests
  A centaur skeleton (D:6)
  3 iguanas (D:5)
  5 sleepcaps
  4 orc wizards
  A howler monkey zombie (D:6)
  5 gnolls (D:7)
  A howler monkey skeleton (D:6)
  5 adders
  A shadow imp (D:7)
  4 white imps
  An ufetubus (D:5)
  3 worms
  2 dart slugs (D:3)
  12 orcs
  6 bats
  9 endoplasms
  6 giant cockroaches
  8 goblins
  3 hobgoblins
  3 jackals (D:2)
  6 ball pythons
  4 frilled lizards
  12 kobolds
  4 rats
174 creatures vanquished.

Notes
Turn   | Place    | Note
-------+----------+-------------------------------------------
     0 | D:1      | SleebyBuny the Minotaur Berserker began the quest for the
                  | Orb.
     0 | D:1      | Reached XP level 1. HP: 19/19 MP: 0/0
    40 | D:1      | Found Roofa's Book Shop.
   158 | D:1      | Reached XP level 2. HP: 27/27 MP: 1/1
   899 | D:2      | Reached ** piety under Trog
   900 | D:2      | Reached XP level 3. HP: 33/33 MP: 2/2
  1612 | D:2      | Reached XP level 4. HP: 41/41 MP: 3/3
  1821 | D:3      | Found a faded altar of an unknown god.
  2312 | D:4      | Reached skill level 5 in Long Blades
  2346 | D:4      | Noticed a scorpion
  2362 | D:4      | Killed a scorpion
  2363 | D:4      | Reached XP level 5. HP: 25/47 MP: 4/4
  2550 | D:4      | Found a broken altar of Ashenzari.
  2825 | D:4      | Noticed an ice beast
  2828 | D:4      | Killed an ice beast
  2829 | D:4      | Reached XP level 6. HP: 55/55 MP: 5/5
  2988 | D:5      | Entered Level 5 of the Dungeon
  3000 | D:5      | Reached skill level 5 in Fighting
  3063 | D:5      | Reached skill level 5 in Armour
  3069 | D:5      | Reached XP level 7. HP: 55/61 MP: 6/6
  3201 | D:5      | Reached *** piety under Trog
  3826 | D:6      | Reached XP level 8. HP: 66/70 MP: 7/7
  3895 | D:6      | Found a staircase to the Ecumenical Temple.
  3910 | Temple   | Entered the Ecumenical Temple
  4294 | D:6      | Reached skill level 1 in Stealth
  4346 | D:6      | Found a sparkling altar of Nemelex Xobeh.
  4405 | D:6      | Noticed Blork the orc
  4426 | D:6      | Killed Blork the orc
  4495 | D:6      | Found a shadowy altar of Dithmenos.
  4770 | D:7      | Found Xakiciag's Armour Shoppe.
  4832 | D:7      | Found Billyg's Antique Armour Boutique.
  5099 | D:7      | Found Roruc's Armour Emporium.
  5126 | D:7      | Reached XP level 9. HP: 79/79 MP: 8/8
  5145 | D:7      | Found Heniy's Assorted Antiques.
  5427 | D:7      | Reached skill level 10 in Long Blades
  5899 | D:8      | Found an opulent altar of Gozag.
  6554 | D:8      | Reached skill level 5 in Dodging
  6556 | D:8      | Reached XP level 10. HP: 79/88 MP: 9/9
  6566 | D:8      | Reached skill level 10 in Armour
  6668 | D:8      | HP: 5/132 [something (3)]
  6673 | D:8      | HP: 4/88 [centaur (2)]
  6818 | D:8      | Noticed a centaur warrior
  6824 | D:8      | Noticed a cyclops
  6831 | D:8      | Killed a centaur warrior
  6835 | D:8      | Killed a cyclops
  6947 | D:8      | Noticed a two-headed ogre
  6950 | D:8      | Noticed a deep elf pyromancer
  6950 | D:8      | Noticed a two-headed ogre
  6955 | D:8      | Killed a deep elf pyromancer
  6964 | D:8      | Killed a two-headed ogre
  6973 | D:8      | Killed a two-headed ogre
  6974 | D:8      | Reached XP level 11. HP: 26/97 MP: 10/10
  7410 | D:9      | Noticed a sixfirhy
  7539 | D:9      | Noticed a centaur warrior
  7540 | D:9      | Noticed a skeletal warrior
  7577 | D:9      | HP: 1/97 [centaur warrior/arrow (13)]
  7580 | D:9      | Asphyxiated

Illustrated notes

Levels and vault maps discovered:
D:1:      minmay_arrival_arboretum_small, layout_loops_ring, serial_shops,
          nicolae_shop_temple_entry_statues_fountains,
          minmay_misc_feat_nine_boxes
D:2:      layout_basic
D:3:      layout_loops_cross, dreamdust_ecumenical_altar_grove,
          serial_park_tiny_pond
D:4:      layout_basic, mainiacjoe_overflow_24_doors, serial_curves,
          eino_curves_04, eino_curves_01
D:5:      layout_rooms, due_unseen_surprise
D:6:      layout_basic, grunt_dithmenos_smoke, nemelex_spade_bored_becter,
          minmay_temple_entry_tees, serial_undead, serial_undead_e,
          serial_undead_a, serial_undead_b, serial_undead_f, uniq_blork_the_orc
D:7:      layout_cave_pools, serial_shops, nicolae_shop_crystal,
          nicolae_stop_n_shop_2, nicolae_diamond_shop, nicolae_shop_hallway_plus
D:8:      hangedman_cross_veins, layout_loops_ring,
          nicolae_overflow_crystal_walls, minmay_gold_behind_fungi
D:9:      layout_layer_cave, erik_lair_island, chequers_serial_rivers_micro_b,
          minmay_mirror_moons_of_madness
Temple:   nicolae_temple_slightly_damp_pantheon

Skill      XL: |  1  2  3  4  5  6  7  8  9 10 |
---------------+-------------------------------+-----
Fighting       | 4 5 6 7 8 9 |  9.5
Long Blades    | 4 5 6 8 9 11 12 | 12.9
Armour         | 3 4 5 6 8 9 12 | 12.4
Dodging        | 3 4 5 |  5.4
Stealth        | 1 2 |  2.2

Action                     |  1- 3 |  4- 6 |  7- 9 | 10-12 || total
---------------------------+-------+-------+-------+-------++-------
  Melee: Falchion          |    95 |    99 |   226 |       ||   420
         Headbutt          |    15 |    24 |    78 |    22 ||   139
         Punch             |       |     1 |     7 |     5 ||    13
         Long sword        |       |       |   108 |   109 ||   217
 Invoke: Berserk           |       |     3 |     3 |     5 ||    11
         Trog's Hand       |       |       |     2 |     4 ||     6
    Use: Potion            |       |       |       |    11 ||    11
 Armour: Scale mail        |    25 |       |       |       ||    25
         Chain mail        |    27 |    59 |   207 |   116 ||   409
  Dodge: Dodged            |    49 |    48 |   163 |    66 ||   326
